 Seeded DCSS version 0.29-a0-284-gf9362112df (webtiles) character file.

Game seed: 10898707918651901846 (custom seed)

4 gzilladon the Chopper (level 1, 0/20 HPs)
             Began as a Hill Orc Monk on Apr 1, 2022.
             Slain by an adder (2 damage)
             ... on level 2 of the Dungeon.
             The game lasted 00:00:32 (222 turns).

gzilladon the Chopper (Hill Orc Monk)                Turns: 222, Time: 00:00:34

Health: 0/20       AC:  2    Str: 13    XL:     1   Next: 70%
Magic:  1/1        EV: 12    Int: 10    God:
Gold:   29         SH:  0    Dex: 13    Spells: 0/0 levels left

rFire   . . .      SeeInvis .   a - +0 hand axe
rCold   . . .      Faith    .   (no shield)
rNeg    . . .      Spirit   .   b - +0 robe
rPois   .          Reflect  .   (no helmet)
rElec   .          Harm     .   (no cloak)
rCorr   .          Rampage  .   (no gloves)
Will    .....                   (no boots)
Stlth   ++........              (no amulet)
HPRegen 0.06/turn               (no ring)
MPRegen 0.07/turn               (no ring)

@: lethally poisoned (0 -> -1)
A: no striking features
a: no special abilities


You were on level 2 of the Dungeon.
You visited 1 branch of the dungeon, and saw 2 of its levels.

You collected 29 gold pieces.

Inventory:

Hand Weapons
 a - a +0 hand axe (weapon)
Armour
 b - a +0 robe (worn)
Scrolls
 d - a scroll of identify {unknown}
Potions
 c - a potion of ambrosia


   Skills:
 + Level 3.7 Fighting
 * Level 4.2 Axes
 + Level 2.4 Dodging
 + Level 1.5 Stealth


You couldn't memorise any spells.
You didn't know any spells.
Your spell library contained the following spells:

 Spells                   Type           Power      Damage    Failure   Level
 Beastly Appendage        Tmut           0%         N/A       36%         1
 Wereblood                Tmut           0%         N/A       50%         2
 Spider Form              Tmut/Pois      0%         N/A       75%         3


Dungeon Overview and Level Annotations

Branches:
Dungeon (2/15)

Altars:


Message History

You start resting.
HP restored.
Found a stone staircase leading down.
Found a great sword.
There is a stone staircase leading down here.
You climb downwards.
Found a stone staircase leading down.
There is a stone staircase leading up here.
Found 12 gold pieces.
Found 18 stones.
You now have 29 gold pieces (gained 12).
Found a chain mail.
A hobgoblin comes into view.
An adder comes into view.
The adder hisses angrily.
Found 10 stones.
A hobgoblin comes into view.
Found a ring mail.
The hobgoblin moves out of view.
The hobgoblin barely misses you.
You barely miss the adder. You hit the hobgoblin but do no damage.
You closely miss the hobgoblin. The adder bites you. The hobgoblin misses you.
The hobgoblin hits you but does no damage.
You closely miss the adder.
You hit the hobgoblin. x2; The adder bites you.
The hobgoblin hits you. The hobgoblin closely misses you.
You miss the adder.
You hit the hobgoblin but do no damage. x2
The adder barely misses you. The adder bites you.
You are poisoned.
The adder poisons you! The hobgoblin closely misses you.
The hobgoblin hits you.
You completely miss the adder. You closely miss the hobgoblin.
You hit the hobgoblin but do no damage.
You feel sick. The adder barely misses you. The hobgoblin hits you. x2
* * * LOW HITPOINT WARNING * * *
You hit the adder.
The adder is moderately wounded.
You barely miss the hobgoblin. You hit the hobgoblin but do no damage.
* * * LOW HITPOINT WARNING * * *
You feel sick. The adder closely misses you. The hobgoblin misses you.
The hobgoblin closely misses you. The adder bites you.
You die...

.............>###
#...............
.##....#....#.###.
............#.#
..#..#.#....#.##
#(............
....#......#.###
...###..S.g.#....
.........@g......
.......#[........
.............###
[.....#..(......
####..#..##..##.
#. #... .... #.
.... ..## . .....
...


You could see an adder and 2 hobgoblins.

Vanquished Creatures
  An endoplasm (D:1)
  A goblin (D:1)
  A hobgoblin (D:1)
  A bat (D:1)
4 creatures vanquished.

Notes
Turn   | Place    | Note
-------+----------+-------------------------------------------
     0 | D:1      | gzilladon the Hill Orc Monk began the quest for the Orb.
     0 | D:1      | Reached XP level 1. HP: 19/19 MP: 1/1
   222 | D:2      | Slain by an adder

Illustrated notes

Levels and vault maps discovered:
D:1:      dpeg_arrival_stonehenge_12_columns, layout_basic
D:2:      layout_basic, basic_altar, uniq_natasha

Action                   || total
-------------------------++-------
Melee: Hand axe          ||    20
Armor: Robe              ||     2
Dodge: Dodged            ||    18

Table legend: (Time is in decaauts)
 A = Elapsed time spent in this place.
 B = Non-inter-level travel time spent in this place.
 C = Inter-level travel time spent in this place.
 D = Time resting spent in this place.
 E = Time spent auto-exploring this place.
 F = Levels seen in this place.
 G = Mean time per level.
                   A        B        C        D        E       F      G
               +--------+--------+--------+--------+--------+-----+--------+
         Total |    223 |    223 |      0 |     83 |      0 |   2 |  111.5 |
       Dungeon |    223 |    223 |      0 |     83 |      0 |   2 |  111.5 |
               +--------+--------+--------+--------+--------+-----+--------+

Top non-repeatable levels by time:
     D:1: 198 daAuts
     D:2: 25 daAuts
